cohdb
Replays
Latest Replays
All Replays
Popular Replays
Top Player Replays
Match Explorer
How It Works
Community
CoH3 Stats
Reddit
Sign in to upload your games and track your stats! →
Sign in with Steam
Match 45092379
Unlisted
Match 45092379
Overview
Messages
Build Orders
End
Selects Advanced Infantry Battlegroup
Construct Weapon Support Center
Scout Squad
M1919 Machine Gun Team
M1919 Machine Gun Team
Bazooka Squad
Selects Artillery Observers
Construct Barracks
Infantry Support Center
Selects Convert to Ranger Squad
Ranger Squad
Ranger Squad
Construct Motor Pool
Selects Frontline Medical Station
Frontline Medical Station
M1 Anti-tank Gun Team
Engineer Squad
Selects M2A1 105mm Howitzer Emplacement
Ranger Squad
Selects Free Fire Drills
Construct Tank Depot
Selects Ranger Weapon Training
Ranger Squad
Ranger Squad
M18 Hellcat Tank Destroyer
M18 Hellcat Tank Destroyer
Ranger Squad
M18 Hellcat Tank Destroyer
Engineer Squad
AI Takeover
CristianRonaldoOfCoh2
Sha
Keow
LX_IX
homig
kerem
ShadowStorm
Jesus is my man
0
0
Comments
sign in to comment!
No comments posted yet!